 Dungeon Crawl Stone Soup version 0.30-a0-374-g95c0257040 (webtiles) character file.

Game seed: 16415620955558512144

27143 Bnni the Impaler (level 13, 0/109 HPs)
             Began as a Formicid Fighter on Nov 25, 2022.
             Was a Follower of Yredelemnul.
             Slain by an efreet
             ... wielding a +4 scimitar of flaming
              (13 damage)
             ... on level 12 of the Dungeon.
             The game lasted 00:31:10 (12686 turns).

Bnni the Impaler (Formicid Fighter)                Turns: 12686, Time: 00:31:11

Health: 0/109      AC: 21    Str: 26    XL:     13   Next: 63%
Magic:  14/21      EV: 10    Int:  8    God:    Yredelemnul [*.....]
Gold:   553        SH: 11    Dex: 13    Spells: 12/12 levels left

rFire   + . .      SeeInvis +    d - +7 trident (venom)
rCold   + . .      Faith    +    L - +0 kite shield
rNeg    . . .      Spirit   .    E - +4 plate armour {ponderous}
rPois   +          Reflect  .    (helmet unavailable)
rElec   +          Harm     .    w - +0 cloak
rCorr   +          Rampage  .    A - +0 pair of gloves
Will    +....                    (no boots)
Stlth   ..........               a - amulet of faith
HPRegen 0.38/turn                p - +4 ring of evasion
MPRegen 0.17/turn                q - +4 ring of protection

@: mighty, resistant, slow
A: permanent stasis, dig shafts and tunnels, antennae 3, four strong arms
a: Dig, Shaft Self, Renounce Religion, Recall Undead Harvest


You were on level 12 of the Dungeon.
You worshipped Yredelemnul.
Yredelemnul was aware of your devotion.
You visited 2 branches of the dungeon, and saw 13 of its levels.

You collected 803 gold pieces.
You spent 250 gold pieces at shops.

Inventory:

Hand Weapons
 d - a +7 trident of venom (weapon)
 x - a +0 halberd
Missiles
 h - 26 poisoned darts (quivered)
 u - 2 boomerangs
 D - 4 throwing nets
Armour
 w - a +0 cloak (worn)
 A - a +0 pair of gloves (worn)
 E - a +4 plate armour of ponderousness (worn)
 L - a +0 kite shield (worn)
Jewellery
 a - an amulet of faith (around neck)
 b - a ring of poison resistance
 p - a +4 ring of evasion (left hand)
 q - a +4 ring of protection (right hand)
 F - a ring of positive energy
Wands
 c - a wand of roots (12)
 f - a wand of polymorph (8)
 j - a wand of flame (27)
 t - a wand of paralysis (1)
 G - a wand of quicksilver (19)
Scrolls
 g - a scroll of magic mapping {unknown}
 i - 6 scrolls of butterflies {unknown}
 k - 9 scrolls of amnesia
 n - 6 scrolls of poison
 r - 3 scrolls of immolation
 s - 2 scrolls of enchant weapon
 v - 2 scrolls of silence
 K - a scroll of vulnerability
Potions
 l - 2 potions of magic
 m - 6 potions of lignification
 o - a potion of might
 z - 3 potions of attraction {unknown}
 B - 4 potions of curing
 I - a potion of haste {unknown}
 J - a potion of mutation {unknown}


   Skills:
 + Level 12.5 Fighting
 * Level 15.5 Polearms
 - Level 3.2 Armour
 - Level 10.0 Shields
 + Level 11.2 Invocations


You had 12 spell levels left.
You didn't know any spells.
Your spell library contained the following spells:

 Spells                   Type           Power      Damage    Failure   Level
 Sting                    Tmut/Pois      0%         1d3       100%        1
 Ensorcelled Hibernation  Hex/Ice        0%         N/A       100%        2
 Passwall                 Tmut/Erth      0%         N/A       100%        2
 Poisonous Vapours        Pois/Air       0%         N/A       100%        2
 Sublimation of Blood     Necr           0%         N/A       100%        2
 Dazzling Flash           Conj/Hex       0%         N/A       100%        3
 Gell's Gravitas          Tloc           0%         N/A       100%        3
 Ignite Poison            Fire/Tmut/Pois 0%         N/A       100%        3
 Kindle Blastsparks       Fire/Tloc/Air  0%         2d10      100%        3
 Lesser Beckoning         Tloc           0%         N/A       100%        3
 Teleport Other           Tloc           0%         N/A       100%        3
 Airstrike                Air            0%         2d(0-16)  100%        4
 Anguish                  Hex/Necr       0%         N/A       100%        4
 Olgreb's Toxic Radiance  Pois           0%         N/A       100%        4
 Petrify                  Tmut/Erth      0%         N/A       100%        4
 Summon Lightning Spire   Summ/Air       0%         N/A       100%        4
 Agony                    Necr           0%         N/A       100%        5
 Freezing Cloud           Conj/Ice/Air   0%         6-21      100%        5
 Irradiate                Conj/Tmut      0%         3d11      100%        5
 Lightning Bolt           Conj/Air       0%         1d11      100%        5
 Silence                  Hex/Air        0%         N/A       100%        5
 Enfeeble                 Hex            0%         N/A       100%        7
 Ozocubu's Refrigeration  Ice            0%         4d7       100%        7
 Ignition                 Fire           0%         3d3       100%        8
 Swiftness                Air            Unusable   N/A       N/A         3

Dungeon Overview and Level Annotations

Branches:
Dungeon (12/15)            Temple (1/1) D:6            Lair (0/5) D:9
    Orc (0/2) D:12

Altars:
Ashenzari
Cheibriados
Dithmenos
Elyvilon
Hepliaklqana
Okawaru
Uskayaw
Wu Jian
Xom
Yredelemnul
Zin

Shops:
D:6 ?   D:7 *   D:10 [

Annotations:
D:10 2 transporters


Innate Abilities, Weirdness & Mutations

You cannot be hasted, slowed, berserked, paralysed or teleported.
You can dig through walls and to a lower floor.
You have a pair of large antennae on your head. (SInv)
Your four strong arms can wield two-handed weapons with a shield.


Message History

You feel better. You block the sun demon's attack. The efreet gestures at you.
The bolt of fire hits you but does no damage.
The efreet gestures at you.
The bolt of fire hits the crimson imp.
The crimson imp completely resists.
The bolt of fire hits the sun demon.
The sun demon completely resists.
The bolt of fire misses you.
The sun demon hits you but does no damage.
You hit the sun demon.
The sun demon is severely wounded.
Unknown command.
You puncture the sun demon!
You kill the sun demon!
Unknown command.
You puncture the rust devil!
The rust devil is moderately wounded.
Unknown command.
You puncture the rust devil!
The rust devil is heavily wounded.
You block the rust devil's attack. You block the crimson imp's attack.
Unknown command.
You puncture the rust devil!
The rust devil is poisoned.
The rust devil is almost dead.
Unknown command.
You impale the rust devil!!
You kill the rust devil!
A black mist starts to gather...
The crimson imp barely misses you.
Unknown command.
You completely miss the efreet. The crimson imp closely misses you.
The efreet hits you with a +4 scimitar of flaming!
* * * LOW HITPOINT WARNING * * *
The efreet burns you.
* * * LOW HITPOINT WARNING * * *
Unknown command.
You impale the efreet!!
The efreet is heavily wounded.
You block the crimson imp's attack.
The efreet hits you with a +4 scimitar of flaming!
You die...
Your body rises from the dead as a mindless zombie.

##### #.Z{## #{#..#
#{#..################
#Z#...≈.≈.§≈≈#≈.....#
#Z#≈.≈.≈.§..≈#....#.##
#Z#########@≈#<.###..# #Z#
{{5#5R#..# ##.# #.#
..55{53°Z#.§# #.# ... #Z#
#.55{5#($#..# #.#####..
#Z#########?≈#<)####.##.....
#Z#≈.≈.≈.§..≈#.............#
#Z#...≈.≈.≈≈≈#≈.............
#.#..############.....##....
#Z...# #......#.......##...


You could see an efreet (ally target), a ynoxinul, a crimson imp, an ufetubus
(summoned) and a friendly spectral rust devil.

Vanquished Creatures
  5 centaur warriors (D:12)
  5 two-headed ogres (D:12)
  A boulder beetle (D:12)
  2 sun demons
  An obsidian statue (D:12)
  A cyclops (D:11)
  2 ugly things
  2 manticores (D:11)
  3 rust devils
  A smoke demon (D:10)
  Joseph (D:9)
  2 orange demons
  A gargoyle (D:12)
  A kobold demonologist (D:12)
  A hellwing (D:10)
  2 ice devils (D:10)
  2 trolls
  3 meliai (D:12)
  A hornet (D:8)
  2 vampires
  2 wyverns
  11 yaks
  A steam dragon (D:7)
  3 wraiths (D:11)
  6 vampire mosquitoes
  A neqoxec (D:10)
  Edmund (D:4)
  An acid dragon (D:12)
  Duvessa (D:4)
  3 water moccasins
  A sky beast (D:7)
  An ogre (D:5)
  2 orc warriors
  An ice beast (D:6)
  2 black bears (D:6)
  3 wolves (D:9)
  7 centaurs
  A kobold brigand (D:6)
  8 bullfrogs
  3 gnoll sergeants
  A necrophage (D:7)
  4 scorpions
  Dowan (D:4)
  32 killer bees
  2 howler monkeys
  7 hounds
  A quasit (D:12)
  3 orc priests
  Crazy Yiuf (D:6)
  3 gnoll boudas
  4 jellies
  Jessica (D:2)
  2 iguanas (D:6)
  A hell rat (D:12)
  3 orc wizards
  23 gnolls
  5 adders
  A shadow imp (D:6)
  3 white imps
  An ufetubus (D:5)
  4 dart slugs
  20 orcs
  11 endoplasms
  2 giant cockroaches
  5 goblins
  10 hobgoblins
  5 jackals
  9 kobolds
  3 quokkas
  11 ball pythons
  8 bats
  6 frilled lizards
  2 rats
293 creatures vanquished.

Vanquished Creatures (collateral kills)
  A rust devil (D:12)
  A kobold demonologist (D:9)
  2 trolls
  A ynoxinul (D:10)
  A wyvern (D:9)
  A yak (D:10)
  2 vampire mosquitoes
  An acid dragon (D:9)
  A water moccasin (D:7)
  An orc warrior (D:9)
  An ice beast (D:7)
  A wolf (D:9)
  2 centaurs (D:9)
  A kobold brigand (D:9)
  A bullfrog (D:7)
  10 killer bees
  3 howler monkeys (D:12)
  An electric eel (D:9)
  A quasit (D:10)
  A jelly (D:8)
  An orc priest (D:10)
  An iron imp (D:12)
  2 orc wizards (D:9)
  3 gnolls
  A shadow imp (D:7)
  7 orcs
49 creatures vanquished.

Vanquished Creatures (others)
  2 ugly thing zombies
  3 meliai zombies (D:12)
  2 spectral rust devils (D:10)
  2 two-headed ogre zombies (D:12)
  2 vampire mosquito zombies (D:11)
  A water moccasin zombie (D:7)
  A wyvern zombie (D:9)
  2 troll zombies
  2 yak zombies
  A wolf zombie (D:9)
  6 centaur zombies
  A human zombie (D:9)
  An orc wizard (D:5)
  28 killer bee zombies
  An ice beast zombie (D:7)
  3 kobold zombies (D:9)
  2 acid dragon zombies
  A hound zombie (D:9)
  A spectral quasit (D:12)
  3 howler monkey zombies (D:12)
  A hell rat zombie (D:12)
  2 shadow imps (D:12)
  2 white imps (D:12)
  An iguana zombie (D:6)
  A spectral iron imp (D:12)
  9 gnoll zombies
  16 orc zombies
  6 demonic plants (D:10)
103 creatures vanquished.

Grand Total: 445 creatures vanquished

Notes
Turn   | Place    | Note
-------+----------+-------------------------------------------
     0 | D:1      | Bnni the Formicid Fighter began the quest for the Orb.
     0 | D:1      | Reached XP level 1. HP: 18/18 MP: 1/1
    40 | D:1      | Reached XP level 2. HP: 24/24 MP: 2/2
   197 | D:1      | Reached XP level 3. HP: 27/29 MP: 3/3
   522 | D:1      | Found a faded altar of an unknown god.
   744 | D:2      | Reached XP level 4. HP: 37/37 MP: 4/4
   834 | D:2      | Noticed Jessica
   835 | D:2      | Killed Jessica
   836 | D:2      | Reached skill level 3 in Polearms
   836 | D:2      | Reached skill level 5 in Shields
  1118 | D:2      | Identified the +9 whip of Hacomm {drain, rF+}
  1390 | D:3      | Reached XP level 5. HP: 42/42 MP: 5/5
  2215 | D:4      | Noticed Edmund
  2345 | D:4      | Killed Edmund
  2346 | D:4      | Reached skill level 4 in Polearms
  2346 | D:4      | Reached XP level 6. HP: 47/49 MP: 6/6
  2372 | D:4      | Found a large runed translucent door.
  2372 | D:4      | Found a large runed translucent door.
  2630 | D:4      | Noticed Dowan
  2630 | D:4      | Noticed Duvessa
  2653 | D:4      | Killed Duvessa
  2654 | D:4      | Reached skill level 5 in Fighting
  2654 | D:4      | Reached skill level 5 in Polearms
  2654 | D:4      | Reached XP level 7. HP: 18/56 MP: 7/7
  2658 | D:4      | HP: 1/56 [Dowan/shard of ice (19)]
  2659 | D:4      | Killed Dowan
  3017 | D:4      | Found a hazy altar of Hepliaklqana.
  3023 | D:4      | Found a snail-covered altar of Cheibriados.
  3050 | D:5      | Entered Level 5 of the Dungeon
  3264 | D:5      | Reached skill level 6 in Polearms
  3264 | D:5      | Reached XP level 8. HP: 55/63 MP: 8/8
  4129 | D:6      | Reached skill level 7 in Polearms
  4383 | D:6      | Reached skill level 8 in Polearms
  4465 | D:6      | Found a staircase to the Ecumenical Temple.
  4477 | D:6      | Reached XP level 9. HP: 72/72 MP: 9/9
  4482 | Temple   | Entered the Ecumenical Temple
  4489 | Temple   | Became a worshipper of Yredelemnul the Dark
  4598 | D:6      | Reached skill level 1 in Invocations
  4743 | D:6      | Found Ipsia's Magic Scroll Boutique.
  4895 | D:6      | Found a runed translucent door.
  4896 | D:6      | Noticed Crazy Yiuf
  4904 | D:6      | Killed Crazy Yiuf
  5054 | D:7      | Found Eneirhij's General Store.
  5096 | D:7      | Reached skill level 9 in Polearms
  5128 | D:7      | Bought a potion of heal wounds for 50 gold pieces
  5195 | D:7      | Reached * piety under Yredelemnul
  5633 | D:7      | Reached ** piety under Yredelemnul
  5634 | D:7      | Reached XP level 10. HP: 78/80 MP: 13/13
  5674 | D:7      | Reached skill level 10 in Polearms
  6252 | D:7      | Reached *** piety under Yredelemnul
  6632 | D:7      | Bought a +4 plate armour of ponderousness for 200 gold
                  | pieces
  6710 | D:8      | Reached skill level 5 in Invocations
  6767 | D:8      | Found a white marble altar of Elyvilon.
  6768 | D:8      | Identified the +2 flail of Action {vorpal, Fly rPois Int+4
                  | Dex+8}
  7394 | D:8      | Found a glowing silver altar of Zin.
  7913 | D:9      | Reached skill level 11 in Polearms
  8036 | D:9      | Noticed Joseph
  8049 | D:9      | Killed Joseph
  8188 | D:9      | Found a staircase to the Lair.
  8397 | D:9      | Reached XP level 11. HP: 55/89 MP: 14/16
  8693 | D:9      | Reached skill level 12 in Polearms
  8978 | D:9      | Reached skill level 10 in Fighting
  8990 | D:9      | Your ally Joseph died
  9260 | D:10     | Entered Level 10 of the Dungeon
  9388 | D:10     | Noticed a sun demon
  9421 | D:10     | Killed a sun demon
  9660 | D:10     | Noticed a purple ugly thing
  9674 | D:10     | Killed a purple ugly thing
  9758 | D:10     | Found a transporter.
  9766 | D:10     | Found a transporter.
  9813 | D:10     | Reached skill level 13 in Polearms
 10018 | D:10     | Found a transporter.
 10163 | D:10     | Reached XP level 12. HP: 31/99 MP: 18/18
 10697 | D:10     | Found a transporter.
 10727 | D:10     | Found Geydwill's Antique Armour Shop.
 11697 | D:12     | Noticed a sun demon
 11703 | D:12     | Reached skill level 14 in Polearms
 11805 | D:12     | Noticed a centaur warrior
 11819 | D:12     | Killed a centaur warrior
 11858 | D:12     | Noticed a two-headed ogre
 11858 | D:12     | Noticed a centaur warrior
 11875 | D:12     | Killed a two-headed ogre
 11875 | D:12     | Noticed a two-headed ogre
 11881 | D:12     | Killed a centaur warrior
 11882 | D:12     | Reached skill level 10 in Invocations
 11883 | D:12     | Killed a two-headed ogre
 11884 | D:12     | Reached XP level 13. HP: 31/107 MP: 20/20
 11895 | D:12     | Noticed a centaur warrior
 11898 | D:12     | Reached skill level 10 in Shields
 11909 | D:12     | Killed a centaur warrior
 11921 | D:12     | HP: 4/107 [meliai/divine providence (12)]
 11957 | D:12     | Noticed a centaur warrior
 11968 | D:12     | Killed a centaur warrior
 12193 | D:12     | Reached skill level 15 in Polearms
 12208 | D:12     | Noticed a centaur warrior
 12230 | D:12     | Killed a centaur warrior
 12511 | D:12     | Found a staircase to the Orcish Mines.
 12530 | D:12     | Reached **** piety under Yredelemnul
 12676 | D:12     | HP: 5/109 [sun demon (6)]
 12686 | D:12     | Slain by an efreet

Illustrated notes

Levels and vault maps discovered:
D:1:      onia_arrival_pyramid, layout_rooms,
          shapermc_ecumenical_altar_mp_urbaneastern, chequers_decorated_corner,
          minmay_misc_feat_four_crosses
D:2:      layout_loops_ring, minivault_23, uniq_jessica
D:3:      layout_basic, roderic_serpentine_path
D:4:      cheibrodos_old_hovel, layout_rooms, jmf_multi_god_temple2,
          uniq_duvessa, uniq_edmund
D:5:      layout_basic, grunt_ministairs_1
D:6:      layout_basic, minmay_temple_entry_crystal_x, serial_shops,
          nicolae_stop_n_shop_1, uniq_crazy_yiuf_cottage
D:7:      layout_loops_corners, serial_shops, nicolae_square_shop
D:8:      layout_loops_ring, zin_treasury, elyvilon_altar_1
D:9:      kennysheep_ambush_hall, layout_basic, erik_lair_island, serial_glass,
          glass_columns_a, glass_columns_b, glass_columns_a, glass_columns_c,
          glass_columns_a, glass_columns_a, glass_columns_c, glass_columns_a,
          glass_columns_a, glass_columns_a, uniq_joseph
D:10:     layout_roguey, serial_shops, shop_statue, serial_demonic,
          serial_demonic_a, serial_demonic_a, serial_demonic_g,
          serial_demonic_c, serial_demonic_f, serial_demonic_b,
          nicolae_transporter_intersection
D:11:     layout_basic
D:12:     wad_woods_minihive, layout_cave_pools, hiddenorc1_lemuel,
          hangedman_devilish_allure
Temple:   compressed_dpeg_circular_temple

Skill      XL: |  1  2  3  4  5  6  7  8  9 10 11 12 13 |
---------------+----------------------------------------+-----
Polearms       | 3 4 5 6 8 9 11 13 14 15 | 15.5
Shields        | 5 6 9 10 | 10.0
Fighting       | 4 5 7 8 9 10 11 12 | 12.5
Invocations    | 4 6 8 10 11 | 11.2
Armour         | |  3.2

Action                   |  1- 3 |  4- 6 |  7- 9 | 10-12 | 13-15 || total
-------------------------+-------+-------+-------+-------+-------++-------
Melee: Trident           |   102 |   138 |   380 |   240 |   147 ||  1007
       Halberd           |       |       |       |   339 |       ||   339
Throw: Dart              |       |     9 |     1 |       |       ||    10
       Throwing net      |       |       |       |     1 |       ||     1
Invok: Recall Undead Har |       |       |       |     4 |     2 ||     6
       Dark Bargain      |       |       |       |     1 |     2 ||     3
 Abil: Dig               |       |       |       |     4 |       ||     4
Evoke: Wand              |       |     1 |     4 |       |       ||     5
  Use: Scroll            |       |     5 |     1 |     8 |       ||    14
       Potion            |       |     1 |       |     6 |     4 ||    11
 Stab: Paralysed         |       |     9 |       |       |       ||     9
       Distracted        |       |       |       |     6 |     3 ||     9
Armor: Scale mail        |    27 |    31 |    33 |       |       ||    91
       Chain mail        |       |       |    99 |    17 |       ||   116
       Plate armour      |       |       |       |   243 |    37 ||   280
Dodge: Dodged            |    44 |    83 |   174 |   225 |    39 ||   565
Block: Buckler           |    15 |    41 |    89 |    88 |       ||   233
       Kite shield       |       |       |       |    71 |    52 ||   123

Table legend: (Time is in decaauts)
 A = Elapsed time spent in this place.
 B = Non-inter-level travel time spent in this place.
 C = Inter-level travel time spent in this place.
 D = Time resting spent in this place.
 E = Time spent auto-exploring this place.
 F = Levels seen in this place.
 G = Mean time per level.
                   A        B        C        D        E       F      G
               +--------+--------+--------+--------+--------+-----+--------+
         Total |  12858 |  12352 |    506 |   1503 |   8344 |  13 |  989.1 |
       Dungeon |  12844 |  12344 |    500 |   1503 |   8344 |  12 | 1070.3 |
        Temple |     14 |      8 |      6 |      0 |      0 |   1 |   14.0 |
               +--------+--------+--------+--------+--------+-----+--------+

Top non-repeatable levels by time:
     D:7: 1696 daAuts
     D:9: 1611 daAuts
    D:10: 1593 daAuts
     D:8: 1094 daAuts
     D:5: 1066 daAuts
     D:3: 963 daAuts
    D:12: 946 daAuts
    D:11: 898 daAuts
     D:6: 847 daAuts
     D:4: 756 daAuts
     D:1: 733 daAuts
     D:2: 636 daAuts
  Temple: 14 daAuts
